 Dungeon Crawl Stone Soup version 0.30-a0-1160-g6e42c06551 (webtiles) character file.

Game seed: 15025413459753625169

12726 Mesmaeker13 the Martial Artist (level 11, -10/96 HPs)
             Began as an Octopode Transmuter on Apr 26, 2023.
             Was an Elder of Wu Jian.
             Mangled by Gastronok (14 damage)
             ... on level 1 of the Lair of Beasts.
             The game lasted 00:23:33 (11628 turns).

Mesmaeker13 the Martial Artist (OpTm)              Turns: 11628, Time: 00:23:33

Health: -10/96     AC:  9    Str: 21    XL:     11   Next: 97%
Magic:  17/18      EV: 10    Int: 18    God:    Wu Jian [****..]
Gold:   618        SH:  0    Dex: 15    Spells: 12/19 levels left

rFire   + . .        z - melded +9 sling of Famine {speed, rF+ Str+6}
rCold   + + .        (shield currently unavailable)
rNeg    . . .        y - melded +1 hat
rPois   +            (no amulet)
rElec   .            o - ring "Ysadwaic" {Fire Str+3 Dex+3 Slay+3}
rCorr   +            K - ring of see invisible
SInv    +            G - ring of resist corrosion
Will    +....        E - ring of Fucwah {rPois rF+ Will+ Str+6}
Stlth   +            (no ring)
HPRegen 0.36/turn    (no ring)
MPRegen 0.16/turn    (no ring)
                     (no ring)

%: no passive effects
@: about to teleport, ice-form
A: freezing attack, boosted hp, almost no armour, amphibious, 8 rings, large,
(camouflage 1), (gelatinous body 1), (nimble swimmer 1), (tentacles)
a: End Transformation, Renounce Religion, Wall Jump, Serpent's Lash


You were on level 1 of the Lair of Beasts.
You worshipped Wu Jian.
Wu Jian was greatly pleased with you.
You were a creature of crystalline ice.
You visited 3 branches of the dungeon, and saw 14 of its levels.
You also visited: Bailey.

You collected 1275 gold pieces.
You spent 657 gold pieces at shops.

Inventory:

Hand Weapons
 z - the +9 sling of Famine (melded) {speed, rF+ Str+6}
   (You found it on level 6 of the Dungeon)

   Str:       It affects your strength (+6).
   rF:        It protects you from fire.
 H - a +3 trident of protection
Missiles
 v - 4 poisoned darts (quivered)
 O - 6 curare-tipped darts
Armour
 m - the +1 buckler of Duoll {rN++ Will+ Int+3}
   (You acquired it on level 2 of the Dungeon)

   Int:       It affects your intelligence (+3).
   rN:        It greatly protects you from negative energy.
   Will:      It increases your willpower.
 y - a +1 hat (melded)
Jewellery
 i - a ring of ice
 o - the ring "Ysadwaic" (left front paw) {Fire Str+3 Dex+3 Slay+3}
   (You found it on level 4 of the Dungeon)

   [ring of fire]

   It enhances your fire magic.
   Str:       It affects your strength (+3).
   Dex:       It affects your dexterity (+3).
   Slay:      It affects your accuracy & damage with ranged weapons and melee
   (+3).
   rF:        It protects you from fire.
   rC:        It makes you vulnerable to cold.
 r - a ring of ice
 E - the ring of Fucwah (on tentacle) {rPois rF+ Will+ Str+6}
   (You bought it in a shop on level 2 of the Dungeon)

   [ring of strength]

   Str:       It affects your strength (+6).
   rF:        It protects you from fire.
   rPois:     It protects you from poison.
   Will:      It increases your willpower.
 G - a ring of resist corrosion (on tentacle)
 K - a ring of see invisible (right front paw)
Wands
 x - a wand of charming (19)
 L - a wand of flame (1)
Scrolls
 c - 3 scrolls of vulnerability
 e - 3 scrolls of magic mapping
 f - 2 scrolls of fog {unknown}
 h - 2 scrolls of torment
 j - 5 scrolls of teleportation
 l - 2 scrolls of immolation
 p - a scroll of silence {unknown}
 u - 3 scrolls of noise
 B - a scroll of enchant armour
 D - 2 scrolls of amnesia {unknown}
 F - 3 scrolls of brand weapon
 M - a scroll of blinking {unknown}
 N - a scroll of identify
 Q - a scroll of fear {unknown}
 S - 2 scrolls of enchant weapon {unknown}
Potions
 a - 4 potions of might
 b - 2 potions of berserk rage
 d - a potion of brilliance
 g - 3 potions of mutation
 k - 2 potions of degeneration
 n - a potion of cancellation {unknown}
 s - 2 potions of magic {unknown}
 t - a potion of invisibility {unknown}
 w - a potion of haste {unknown}
 A - a potion of ambrosia {unknown}
 C - a potion of curing
 I - a potion of resistance
 J - 6 potions of flight
 P - a potion of attraction {unknown}


   Skills:
 + Level 9.4 Fighting
 - Level 2.0 Dodging
 + Level 9.9 Unarmed Combat
 + Level 4.8 Spellcasting
 + Level 9.5 Transmutations
 + Level 8.6 Ice Magic


You had 12 spell levels left.
You knew the following spells:

 Your Spells              Type           Power      Damage    Failure   Level
a - Beastly Appendage     Tmut           76%        N/A       1%          1
b - Wereblood             Tmut           38%        N/A       1%          2
c - Ice Form              Ice/Tmut       37%        N/A       3%          4

Your spell library contained the following spells:

 Spells                   Type           Power      Damage    Failure   Level
 Spider Form              Tmut/Pois      21%        N/A       5%          3
 Apportation              Tloc           8%         N/A       14%         1
 Magic Dart               Conj           16%        1d3       14%         1
 Sandblast                Erth           8%         2d5       14%         1
 Searing Ray              Conj           8%         2d4       21%         2
 Alistair's Intoxication  Tmut/Pois      14%        N/A       45%         5
 Irradiate                Conj/Tmut      10%        3d15      45%         5
 Fulminant Prism          Conj/Hex       2%         3d5       80%         4
 Iron Shot                Conj/Erth      2%         9d2       100%        6


Dungeon Overview and Level Annotations

Branches:
Dungeon (12/15)            Temple (1/1) D:5            Lair (1/5) D:8
 Bailey (visited)
    Orc: D:9-12

Altars:
Ashenzari
Cheibriados
Dithmenos
Elyvilon
Fedhas
Gozag
Hepliaklqana
Kikubaaqudgha
Makhleb
Nemelex Xobeh
Okawaru
Qazlal
Ru
Sif Muna
Trog
Uskayaw
Vehumet
Wu Jian
Xom
Yredelemnul
Zin
The Shining One

Shops:
D:1 *   D:2 =   D:3 [

Annotations:
D:2 4 exclusions
D:3 1 exclusion
D:6 1 exclusion
D:7 1 runed translucent door, KimchiStew's ghost, novice DrHu
Lair:1 Gastronok


Innate Abilities, Weirdness & Mutations

You are a creature of crystalline ice.
You have a powerful freezing melee attack.
Your maximum health is increased.
Your armour is entirely melded.
You are incapable of wielding weapons or throwing items.
You cannot wear most types of armour.
You are amphibious.
You can wear up to eight rings at the same time.
((Your skin changes colour to match your surroundings (Stealth+).))
((Your rubbery body absorbs attacks. (AC +1, EV +1)))
((You are camouflaged when in or above water. (Stealth+)))
((You have tentacles for arms and can constrict up to eight enemies at once.))


Message History

The blink frog is moderately wounded.
The blink frog is engulfed in poison gas.
The blink frog looks even sicker.
The blink frog hits you!
The basilisk is engulfed in poison gas.
The basilisk is poisoned.
The basilisk bites you.
You closely miss the blink frog.
The blink frog is heavily wounded.
The blink frog is engulfed in poison gas.
The blink frog looks as sick as possible!
The blink frog hits you!
* * * LOW HITPOINT WARNING * * *
The blink frog blinks!
Gastronok bites you!!
* * * LOW HITPOINT WARNING * * *
Okay, then.
Okay, then.
You feel better.
A blink frog comes into view.
The blink frog is engulfed in poison gas.
The blink frog looks as sick as possible!
The basilisk looks even sicker.
The basilisk bites you but does no damage.
The blink frog is engulfed in poison gas.
The blink frog is poisoned.
As you read the scroll of teleportation, it crumbles to dust.
You feel strangely unstable.
The blink frog croaks.
You hear a loud, deep croak!
The blink frog is engulfed in poison gas.
The blink frog looks as sick as possible!
The blink frog hits you!
* * * LOW HITPOINT WARNING * * *
The basilisk is engulfed in poison gas.
The basilisk looks even sicker.
The basilisk barely misses you.
The blink frog is engulfed in poison gas.
The blink frog looks even sicker.
The blink frog is engulfed in poison gas.
The blink frog looks as sick as possible!
You kill the blink frog!
The Council accepts your kill. Gastronok bites you!
You die...

#......# #§§§§§§#
#§§§§§§# #§F§§§☼#
#§§☼§§§# #§§§§§§#
#§§☼..§# ##§§§lw§#
#§§§§§Y§# ##§§§§§§##
#§§§§§§P# .#
#§§§§§§§# #.##
#☼§§§§§##
#.P#######§§§§§§§#
###........§§§§§§§##
.##.......§§§§☼§§§§#
.......###.###....##


You could see Gastronok, a basilisk (very poisoned) and a blink frog (very
poisoned).

Vanquished Creatures
  A boulder beetle (Lair:1)
  2 two-headed ogres
  Nergalle (D:10)
  A gargoyle (D:10)
  A black mamba (Lair:1)
  Maggie (D:8)
  2 trolls
  4 blink frogs (Lair:1)
  A shadow (D:10)
  A wyvern (D:10)
  2 vampires
  19 yaks
  3 steam dragons
  3 water moccasins
  Duvessa (D:6)
  An ice beast (D:8)
  6 orc warriors
  4 sky beasts
  3 black bears
  An ogre (D:5)
  A phantom (D:7)
  6 centaurs
  2 bullfrogs
  3 scorpions
  Dowan (D:6)
  16 wights
  5 killer bees (D:7)
  2 electric eels (D:10)
  2 howler monkeys
  A crimson imp (D:8)
  6 hounds
  2 orc priests
  A gnoll bouda (D:5)
  3 iguanas
  4 sleepcaps
  Jessica (D:3)
  Terence (D:2)
  3 orc wizards
  12 gnolls
  11 adders
  A white imp (D:8)
  An ufetubus (D:5)
  3 worms
  2 dart slugs
  23 orcs
  5 bats
  5 endoplasms
  2 giant cockroaches
  13 goblins
  13 hobgoblins
  4 jackals
  7 quokkas
  6 ball pythons
  6 frilled lizards
  16 kobolds
  5 rats
253 creatures vanquished.

Vanquished Creatures (others)
  11 fungi
11 creatures vanquished.

Grand Total: 264 creatures vanquished

Notes
Turn   | Place    | Note
-------+----------+-------------------------------------------
     0 | D:1      | Mesmaeker13 the Octopode Transmuter began the quest for the
                  | Orb.
     0 | D:1      | Reached XP level 1. HP: 13/13 MP: 3/3
   115 | D:1      | Reached XP level 2. HP: 18/18 MP: 3/5
   137 | D:1      | Learned a level 2 spell: Wereblood
   213 | D:1      | Found Paum's General Store.
   370 | D:1      | Reached XP level 3. HP: 23/24 MP: 4/6
   872 | D:2      | Noticed Terence
  1034 | D:2      | Reached XP level 4. HP: 25/29 MP: 7/7
  1163 | D:2      | Found a hazy altar of Hepliaklqana.
  1176 | D:2      | Found Aqutru's Jewellery Shoppe.
  1177 | D:2      | Got Roxanne's Spellbook of Reformed Talus
  1594 | D:3      | Noticed Jessica
  1629 | D:3      | Killed Jessica
  1630 | D:3      | Reached XP level 5. HP: 23/35 MP: 4/8
  2174 | D:3      | Found Hyxeluk's Armour Boutique.
  2325 | D:3      | Noticed a centaur
  2363 | D:4      | Reached XP level 6. HP: 40/42 MP: 7/9
  2428 | D:4      | Learned a level 4 spell: Ice Form
  2518 | D:4      | Found a bloodstained altar of Trog.
  2629 | D:4      | Identified the ring "Ysadwaic" {Fire Str+3 Dex+3 Slay+3}
  2913 | D:4      | Found a hazy altar of Hepliaklqana.
  3032 | D:5      | Entered Level 5 of the Dungeon
  3155 | D:5      | Found a broken altar of Ashenzari.
  3173 | D:5      | Reached skill level 1 in Ice Magic
  3394 | D:5      | Reached XP level 7. HP: 42/47 MP: 8/10
  3437 | D:5      | Reached skill level 5 in Unarmed Combat
  4177 | D:5      | Found a staircase to the Ecumenical Temple.
  4181 | Temple   | Entered the Ecumenical Temple
  4304 | Temple   | Became a worshipper of the Wu Jian Council
  4696 | D:6      | Reached skill level 5 in Transmutations
  4696 | D:6      | Reached XP level 8. HP: 41/54 MP: 2/11
  4805 | D:6      | Identified the +9 sling of Famine {speed, rF+ Str+6}
  5038 | D:6      | Reached skill level 5 in Fighting
  5118 | D:6      | Noticed Duvessa
  5140 | D:6      | Noticed Dowan
  5146 | D:6      | Killed Duvessa
  5158 | D:6      | Killed Dowan
  5409 | D:7      | Noticed KimchiStew's ghost (novice DrHu)
  5412 | D:7      | Found a runed translucent door.
  5473 | D:7      | Identified 2 scrolls of acquirement
  5474 | D:7      | Acquired 520 gold pieces
  5504 | D:7      | Reached XP level 9. HP: 62/62 MP: 6/12
  5635 | D:7      | Reached * piety under Wu Jian
  5809 | D:7      | Reached skill level 5 in Ice Magic
  5947 | D:7      | Found a snail-covered altar of Cheibriados.
  6792 | D:3      | Found an ancient bone altar of Kikubaaqudgha.
  7022 | D:2      | Killed Terence
  7061 | D:2      | Bought the ring of Fucwah {rPois rF+ Will+ Str+6} for 657
                  | gold pieces
  7063 | D:2      | Acquired the +1 buckler of Duoll {rN++ Will+ Int+3}
  7342 | D:8      | Found a staircase to the Lair.
  7350 | D:8      | Noticed Maggie
  7365 | Lair:1   | Entered Level 1 of the Lair of Beasts
  7530 | D:8      | Killed Maggie
  7531 | D:8      | Reached XP level 10. HP: 35/71 MP: 7/13
  7638 | D:8      | Found a flagged portal.
  7648 | Bailey   | Entered a bailey
  7662 | Bailey   | Reached ** piety under Wu Jian
  7696 | Bailey   | Identified the +1 robe "Lituhim" {Rampage Str+5}
  8139 | D:8      | Found a blossoming altar of Fedhas.
  8444 | D:8      | Noticed a two-headed ogre
  8455 | D:8      | Killed a two-headed ogre
  9194 | D:9      | Found a glowing golden altar of the Shining One.
  9208 | D:9      | Reached *** piety under Wu Jian
  9369 | D:9      | Reached XP level 11. HP: 78/78 MP: 13/15
  9374 | D:9      | Found a glowing silver altar of Zin.
  9725 | D:10     | Entered Level 10 of the Dungeon
  9768 | D:10     | Found a sacrificial altar of Ru.
  9954 | D:10     | You fall into a shaft and drop 2 floors!
 10061 | D:10     | Noticed a two-headed ogre
 10067 | D:10     | Killed a two-headed ogre
 10255 | D:10     | Found a stormy altar of Qazlal.
 10562 | D:10     | Noticed Nergalle
 10579 | D:10     | Killed Nergalle
 11337 | Lair:1   | Noticed a boulder beetle
 11345 | Lair:1   | Killed a boulder beetle
 11359 | Lair:1   | Reached **** piety under Wu Jian
 11608 | Lair:1   | Noticed Gastronok
 11626 | Lair:1   | HP: 2/96 [Gastronok (26)]
 11628 | Lair:1   | Mangled by Gastronok

Illustrated notes

Levels and vault maps discovered:
D:1:      dpeg_arrival_shrine, layout_basic, serial_shops, shop
D:2:      layout_loops_ring, serial_shops, shop, basic_altar, uniq_terence
D:3:      layout_basic, nicolae_overflow_crystal_walls, serial_shops,
          shop_statue, grunt_decor_one_mirror, uniq_jessica
D:4:      layout_rooms, trog_butcher_becter, mainiacjoe_overflow_alcove_1
D:5:      layout_basic, mainiacjoe_overflow_boulevard, minmay_temple_entry_grid,
          dreamdust_gnoll_farm
D:6:      layout_rooms, uniq_duvessa
D:7:      layout_loops_ring, lemuel_coloured_pillars_altar,
          hellmonk_ghost_happy_afterlife, nrook_loot_triangle, st_stairs_12
D:8:      layout_basic, fedhas_bush_and_centaur_altar, lair_entry_dummy,
          enter_bailey_4, fungi_pond_lemuel, minmay_fire_ice_demons, uniq_maggie
D:9:      layout_small_grid, lemuel_round_altar, overflow_temple_1_default
D:10:     layout_stronghold, mainiacjoe_overflow_alcove_4,
          mainiacjoe_overflow_concentric_impassable, minmay_misc_feat_square,
          kennysheep_dice, uniq_nergalle
D:11:     layout_long_grid, zombieorc1_lemuel
D:12:     layout_rooms
Temple:   chequers_temple_sunken
Lair:1:   layout_chaotic_city, pdpol_lair_cavern_descent, lemuel_fruit_fields,
          infiniplex_staircase_pool_2, serial_bayou_shore_b, uniq_gastronok

Skill      XL: |  1  2  3  4  5  6  7  8  9 10 11 |
---------------+----------------------------------+-----
Fighting       | 2 3 4 5 7 8 9 |  9.4
Transmutations | 3 4 5 6 7 8 9 |  9.5
Unarmed Combat | 4 5 6 7 8 9 |  9.9
Ice Magic      | 1 3 4 6 7 8 |  8.6
Spellcasting   | 4 |  4.8
Dodging        | |  2.0

Action                     |  1- 3 |  4- 6 |  7- 9 | 10-12 || total
---------------------------+-------+-------+-------+-------++-------
  Melee: Unarmed           |    72 |   116 |   124 |   232 ||   544
         Constrict         |    21 |    35 |    11 |       ||    67
         Tentacles         |    15 |    28 |     8 |       ||    51
         Kick              |    17 |    38 |    13 |       ||    68
         Punch             |     2 |     5 |     2 |       ||     9
   Fire: Sling             |       |       |    50 |     6 ||    56
  Throw: Dart              |       |     8 |     4 |       ||    12
         Throwing net      |       |       |     1 |     1 ||     2
   Cast: Beastly Appendage |    20 |    38 |    13 |       ||    71
         Wereblood         |     2 |     7 |     9 |    13 ||    31
         Ice Form          |       |       |    14 |    28 ||    42
Ability: Lunge             |       |       |     9 |    29 ||    38
         Whirlwind         |       |       |     3 |    19 ||    22
  Evoke: Wand              |       |     4 |    20 |    20 ||    44
    Use: Scroll            |       |     8 |     6 |     3 ||    17
         Potion            |       |     4 |     1 |     1 ||     6
   Stab: Sleeping          |     4 |     7 |     1 |       ||    12
 Armour: Skin              |       |    22 |    26 |    55 ||   103
  Dodge: Dodged            |    35 |    75 |    65 |    77 ||   252

Table legend: (Time is in decaauts)
 A = Elapsed time spent in this place.
 B = Non-inter-level travel time spent in this place.
 C = Inter-level travel time spent in this place.
 D = Time resting spent in this place.
 E = Time spent auto-exploring this place.
 F = Levels seen in this place.
 G = Mean time per level.
                   A        B        C        D        E       F      G
               +--------+--------+--------+--------+--------+-----+--------+
         Total |  11568 |  10790 |    778 |    523 |   7909 |  15 |  771.2 |
       Dungeon |  10570 |   9818 |    752 |    400 |   7374 |  12 |  880.8 |
        Temple |    151 |    127 |     24 |      0 |    111 |   1 |  151.0 |
          Lair |    632 |    631 |      1 |    123 |    385 |   1 |  632.0 |
        Bailey |    213 |    213 |      0 |      0 |     39 |   1 |  213.0 |
               +--------+--------+--------+--------+--------+-----+--------+

Top non-repeatable levels by time:
     D:5: 1473 daAuts
     D:3: 1449 daAuts
     D:8: 1293 daAuts
    D:10: 1251 daAuts
     D:7: 1095 daAuts
     D:2: 914 daAuts
     D:9: 895 daAuts
     D:1: 773 daAuts
     D:4: 726 daAuts
  Lair:1: 632 daAuts
     D:6: 622 daAuts
  Bailey: 213 daAuts
  Temple: 151 daAuts
    D:11: 70 daAuts
    D:12: 3 daAuts
